 Dungeon Sprint DCSS version 0.22.0-16-gc6d26f6 (webtiles) character file.

4200000 poirepourri the Middleweight Champion (level 25, -48/257 HPs)
             Began as a Ghoul Gladiator on Aug 18, 2018.
             Was the Champion of Makhleb.
             Annihilated by a destroyer
             ... wielding a +9 great sword of slicing
              (63 damage)
             ... in the Dungeon (Sprint VIII: "Arena of Blood").
             The game lasted 00:01:02 (42 turns).

poirepourri the Middleweight Champion (GhGl)          Turns: 42, Time: 00:01:03

Health: -48/257    AC:  8    Str: 22    XL:     25   Next: 52%
Magic:  23/53      EV: 33    Int:  3    God:    Makhleb [******]
Gold:   0          SH:  0    Dex: 18    Spells: 78/78 levels left

rFire    . . .     SeeInvis .   k - +∞ Axe of Woe
rCold    + . .     Gourm    .   (shield currently unavailable)
rNeg     + + +     Faith    .   a - +0 leather armour
rPois    ∞         Spirit   .   b - +0 helmet
rElec    .         Reflect  .   (no cloak)
rCorr    .         Harm     .   (no gloves)
MR       +....     NoTele   +   (no boots)
Stlth    +++++++++.             (no amulet)
HPRegen  0.00/turn              (no ring)
MPRegen  0.33/turn              (no ring)

@: rotting
A: rotting body, claws 1, carnivore, cold resistance 1, negative energy
resistance 3, inhibited regeneration, torment resistance, unbreathing
a: Minor Destruction, Lesser Servant of Makhleb, Major Destruction, Greater
Servant of Makhleb, Renounce Religion


You were in the Dungeon.
You worshipped Makhleb.
Makhleb was exalted by your worship.
You were not hungry.

You visited 1 branch

Inventory:

Hand Weapons
 k - the +∞ Axe of Woe (weapon)
   (You found it in the Dungeon)
Missiles
 c - 3 throwing nets (quivered)
Armour
 a - a +0 leather armour (worn)
 b - a +0 helmet (worn)
Scrolls
 j - a scroll of blinking
Potions
 e - a potion of curing
 f - a potion of heal wounds
 g - a potion of haste
 h - 2 potions of magic
 i - a potion of berserk rage
Comestibles
 d - a ration


   Skills:
 O Level 27 Fighting
 O Level 27 Axes
 O Level 27 Throwing
 O Level 27 Armour
 O Level 27 Dodging
 O Level 27 Stealth
 O Level 27 Unarmed Combat
 O Level 27 Spellcasting
 O Level 27 Invocations


You had 78 spell levels left.
You didn't know any spells.
Your spell library was empty.

Dungeon Overview and Level Annotations

Branches:
Dungeon (1/1)

Altars:
Makhleb


Innate Abilities, Weirdness & Mutations

Your body is rotting away.
You thrive on raw meat.
You are immune to poison.
You have sharp fingernails.
You are carnivorous and can eat meat at any time.
Your flesh is cold resistant. (rC+)
You are immune to negative energy. (rN+++)
You do not regenerate when monsters are visible.
You are immune to unholy pain and torment.
You can survive without breathing.


Message History

The destroyer blinks!
The destroyer hits you with a +9 great sword of slicing!
The destroyer bites you!
You hear a shout!
The large abomination hits you!
A meat berserker comes into view. It is wielding a +9 battleaxe.
You hear a shout!
The meat berserker is engulfed in blazing flames.
The meat berserker misses you.
You hear a shout!
Items here: ))))))))))) =========== † Unknown command.
Unknown command.
You hear a shout! x6
The destroyer blinks!
You hear a shout!
The destroyer hits you with a +9 great sword of slicing!!!!!
Ouch! That really hurt!
* * * LOW HITPOINT WARNING * * *
You die... ..... .. #... .# . #... ..# ...###... ..###. ........###...... #oo

...o._...... ...o
#o)o..# .o.o.
#@V<._#
......#)o..%#..
#....oOVX_......
......)o###......
O..###... ..###.
.. #%§.. ..#
#.§... .#
.........
.%....z.


You could see 2 destroyers, a large abomination, a meat berserker (berserk) and
5 bags of meat.

Vanquished Creatures
  2 vampire knights (D)
  9 ogres (D)
  A two-headed ogre (D)
  28 orcs (D)
  2 skeletal warriors (D)
  A small abomination (D)
  3 crawling corpses (D)
46 creatures vanquished.

Notes
Turn   | Place    | Note
-------+----------+-------------------------------------------
     0 | D        | Found the +∞ Axe of Woe
     0 | D        | poirepourri the Ghoul Gladiator began the quest for the Orb.
     0 | D        | Reached XP level 1. HP: 17/17 MP: 0/0
     4 | D        | Became a worshipper of Makhleb the Destroyer
     6 | D        | Noticed a meat berserker
     6 | D        | Noticed a bag of meat
     7 | D        | Noticed a bag of meat
     7 | D        | Noticed a bag of meat
     7 | D        | Noticed a bag of meat
    10 | D        | Killed a meat berserker
    10 | D        | Reached XP level 2. HP: 42/42 MP: 1/1
    10 | D        | Reached XP level 3. HP: 49/49 MP: 2/2
    10 | D        | Reached XP level 4. HP: 57/57 MP: 3/3
    10 | D        | Reached XP level 5. HP: 63/63 MP: 4/4
    10 | D        | Reached XP level 6. HP: 71/71 MP: 5/5
    10 | D        | Reached XP level 7. HP: 78/78 MP: 6/6
    10 | D        | Reached XP level 8. HP: 84/84 MP: 7/7
    10 | D        | Reached XP level 9. HP: 91/91 MP: 8/8
    10 | D        | Reached XP level 10. HP: 99/99 MP: 9/9
    10 | D        | Reached XP level 11. HP: 105/105 MP: 10/10
    10 | D        | Reached XP level 12. HP: 113/113 MP: 11/11
    10 | D        | Reached XP level 13. HP: 119/119 MP: 12/12
    11 | D        | Killed a bag of meat
    11 | D        | Reached * piety under Makhleb
    11 | D        | Reached skill level 5 in Axes
    11 | D        | Reached XP level 14. HP: 109/129 MP: 13/13
    11 | D        | Killed a bag of meat
    11 | D        | Noticed a bag of meat
    11 | D        | Noticed a bag of meat
    12 | D        | Killed a bag of meat
    12 | D        | Reached skill level 15 in Fighting
    12 | D        | Reached XP level 15. HP: 119/141 MP: 14/14
    12 | D        | Reached ** piety under Makhleb
    14 | D        | Reached skill level 27 in Unarmed Combat
    14 | D        | Reached XP level 16. HP: 152/152 MP: 15/15
    15 | D        | Noticed a meat berserker
    15 | D        | Noticed a large bag of meat
    17 | D        | Reached skill level 15 in Throwing
    18 | D        | Reached *** piety under Makhleb
    18 | D        | Reached XP level 17. HP: 168/168 MP: 16/16
    18 | D        | Noticed a meat berserker
    19 | D        | Reached skill level 27 in Dodging
    20 | D        | Killed a meat berserker
    20 | D        | Reached XP level 18. HP: 184/184 MP: 17/17
    20 | D        | Noticed a meat berserker
    21 | D        | Noticed a meat berserker
    21 | D        | Killed a large bag of meat
    21 | D        | Reached **** piety under Makhleb
    22 | D        | Killed a meat berserker
    22 | D        | Reached skill level 27 in Axes
    22 | D        | Reached skill level 5 in Armour
    22 | D        | Reached XP level 19. HP: 205/205 MP: 18/18
    22 | D        | Reached ***** piety under Makhleb
    22 | D        | Reached skill level 27 in Fighting
    22 | D        | Noticed a meat berserker
    22 | D        | Noticed a meat berserker
    24 | D        | Reached skill level 27 in Throwing
    24 | D        | Noticed a destroyer
    26 | D        | Killed a meat berserker
    26 | D        | Reached XP level 20. HP: 216/216 MP: 19/19
    26 | D        | Killed a meat berserker
    26 | D        | Noticed a meat berserker
    28 | D        | Killed a meat berserker
    28 | D        | Reached skill level 27 in Armour
    28 | D        | Reached XP level 21. HP: 224/224 MP: 20/20
    29 | D        | Reached skill level 10 in Spellcasting
    29 | D        | Killed a meat berserker
    30 | D        | Reached ****** piety under Makhleb
    30 | D        | Reached skill level 15 in Spellcasting
    30 | D        | Reached XP level 22. HP: 233/233 MP: 20/41
    30 | D        | Noticed a destroyer
    31 | D        | Noticed a destroyer
    32 | D        | Reached skill level 27 in Stealth
    32 | D        | Noticed a destroyer
    33 | D        | Reached skill level 27 in Invocations
    35 | D        | Reached XP level 23. HP: 240/240 MP: 21/50
    36 | D        | Reached skill level 27 in Spellcasting
    36 | D        | Killed a destroyer
    36 | D        | Killed a destroyer
    36 | D        | Reached XP level 24. HP: 249/249 MP: 21/53
    38 | D        | Reached XP level 25. HP: 257/257 MP: 22/53
    42 | D        | Annihilated by a destroyer

Skill      XL: |  1  2  3  4  5  6  7  8  9 10 11 12 13 14 15 16 17 18 19 20 21 22 23 |
---------------+----------------------------------------------------------------------+-----
Fighting       | 12 13 15 16 19 22 26 27 | 27.0
Axes           | 4 5 8 11 16 21 27 | 27.0
Throwing       | 11 12 13 14 16 18 22 27 | 27.0
Dodging        | 18 20 22 24 26 27 | 27.0
Unarmed Combat | 21 23 25 27 | 27.0
Armour         | 5 20 27 | 27.0
Stealth        | 22 27 | 27.0
Spellcasting   | 16 24 27 | 27.0
Invocations    | 20 27 | 27.0

Action                   |  1- 3 |  4- 6 |  7- 9 | 10-12 | 13-15 | 16-18 | 19-21 | 22-24 | 25-27 || total
-------------------------+-------+-------+-------+-------+-------+-------+-------+-------+-------++-------
Melee: Executioner's axe |     1 |       |       |       |     3 |     6 |     6 |     6 |     2 ||    24
Dodge: Dodged            |       |       |       |       |       |     4 |     1 |     1 |     1 ||     7
